 Dungeon Crawl Stone Soup version 0.17-a0-2070-g2a5e0a8 (webtiles) character file.

3779 Ordine the Bludgeoner (level 10, -1/92 HPs)
             Began as an Ogre Berserker on Oct 14, 2015.
             Was a Priest of Trog.
             Slain by a warg (4 damage)
             ... on level 8 of the Dungeon.
             The game lasted 00:26:47 (9016 turns).

Ordine the Bludgeoner (Ogre Berserker)              Turns: 9016, Time: 00:26:48

Health: -1/92      AC:  6    Str: 29    XL:     10   Next: 16%
Magic:  10/10      EV: 10    Int: 11    God:    Trog [***...]
Gold:   162        SH:  0    Dex:  9    Spells: 0 memorised, 9 levels left

rFire  + . .     SeeInvis .     t - +0 giant club
rCold  + . .     Clarity  +     r - +1 robe {MR+}
rNeg   . . .     SustAt   .     (no shield)
rPois  +         Gourm    .     (helmet restricted)
rElec  +         Spirit   .     h - +1 cloak
rCorr  +         Warding  .     (gloves unavailable)
rMut   .         Stasis   .     (boots unavailable)
MR     ++...                    m - amulet of clarity
Stlth  +.........               (no ring)
                                e - +2 ring of strength

@: brilliant, lethally poisoned (-1 -> -2), exhausted, about to teleport,
resistant, slowed, very slow, very resistant to hostile enchantments, very
unstealthy
A: unfitting armour, tough skin 1
a: Burn Spellbooks, Berserk, Trog's Hand, Renounce Religion


You were on level 8 of the Dungeon.
You worshipped Trog.
Trog was most pleased with you.
You were near starving.

You visited 2 branches of the dungeon, and saw 9 of its levels.

You collected 330 gold pieces.
You spent 168 gold pieces at shops.

Inventory:

Hand Weapons
 o - a +0 flail
 t - a +0 giant club (weapon)
Missiles
 d - 15 tomahawks
 j - 112 stones (quivered)
 n - 16 poisoned needles
Armour
 h - a +1 cloak (worn)
 r - a +1 robe of magic resistance (worn)
Jewellery
 e - a +2 ring of strength (left hand)
 m - an amulet of clarity (around neck)
Wands
 a - a wand of cold (14)
Scrolls
 i - a scroll of remove curse
 s - a scroll of enchant armour
 u - a scroll of blinking
 v - a scroll of enchant weapon
Potions
 b - a potion of might {unknown}
 f - a potion of resistance
 k - a potion of mutation {unknown}
Comestibles
 c - 2 bread rations
 l - 2 meat rations


   Skills:
 - Level 4.0 Fighting
 + Level 17.5 Maces & Flails
 - Level 2.6 Dodging


You had 9 spell levels left.
You didn't know any spells.

Dungeon Overview and Level Annotations

Branches:
Dungeon (8/15)             Temple (1/1) D:6
   Lair: D:8-11

Altars:
Ashenzari
Cheibriados
Dithmenos
Elyvilon
Fedhas
Gozag
Kikubaaqudgha
Makhleb
Nemelex Xobeh
Okawaru
Qazlal
Ru
Sif Muna
Trog
Vehumet
Xom
Yredelemnul
Zin
The Shining One

Shops:
D:4 *

Annotations:
D:8 Joseph


Innate Abilities, Weirdness & Mutations

You are too large for most types of armour.
You have tough skin (AC +1).


Message History

As you read the scroll of teleportation, it crumbles to dust.
You feel strangely unstable.
The centaur shoots an arrow of dispersal.
The arrow of dispersal completely misses you.
Joseph shoots a sling bullet.
The sling bullet hits you.
* * * LOW HITPOINT WARNING * * *
The centaur shoots an arrow of dispersal.
The arrow of dispersal hits you!
* * * LOW HITPOINT WARNING * * *
You blink.
A warg comes into view.
Drink which item? (? for menu, Esc to quit)
It was a potion of resistance.
You feel protected.
The centaur shoots an arrow of dispersal.
The arrow of dispersal barely misses you.
The centaur shoots an arrow of dispersal.
The arrow of dispersal closely misses you.
The warg bites you.
You die...

........... .............#
.............# ...h.........#
.............#..#
........o....#..#
+...............#..# #
#.........hh.(..#..+ .#
#.........@..§..#..# ..# ##
#...............'..#....# ..
#...............#..#....# .#
+.......................# .+
#................_......#
.####+#............!...@......#
...................c..........#
.......................⌠......#
.....!..................§.....#


You could see Joseph, 3 wargs, a centaur and an orc.

Vanquished Creatures
  The ghost of Oper80 the Archer, a novice HEHu of Okawaru (D:8)
  Pikel (D:7)
  Psyche (D:8)
  The ghost of krfreak the Slasher, an amateur FoFi (D:3)
  Sigmund (D:3)
  A wyvern (D:8)
  2 sky beasts (D:5)
  An orc warrior (D:8)
  2 phantoms
  An ogre (D:6)
  2 ice beasts (D:6)
  A giant frog (D:7)
  A gnoll sergeant (D:7)
  A scorpion (D:4)
  8 killer bees (D:8)
  4 crimson imps
  3 jellies
  Crazy Yiuf (D:5)
  A hound (D:5)
  An orc wizard (D:6)
  6 worker ants
  A hound skeleton (D:4)
  6 gnolls
  9 adders
  2 shadow imps
  An ooze (D:5)
  An adder skeleton (D:6)
  3 worms
  5 giant geckos
  20 orcs
  2 ball pythons
  4 goblins
  6 hobgoblins
  14 jackals
  4 quokkas
  7 bats
  7 giant cockroaches
  A giant gecko zombie (D:7)
  5 giant newts
  2 kobolds (D:1)
  6 rats
  A fungus (D:5)
148 creatures vanquished.

Notes
Turn   | Place    | Note
--------------------------------------------------------------
     0 | D:1      | Ordine the Ogre Berserker began the quest for the Orb.
     0 | D:1      | Reached XP level 1. HP: 24/24 MP: 1/1
   129 | D:1      | Reached skill level 5 in Maces & Flails
   129 | D:1      | Reached XP level 2. HP: 32/32 MP: 2/2
   916 | D:1      | Reached XP level 3. HP: 19/39 MP: 3/3
  1384 | D:2      | Reached ** piety under Trog
  1405 | D:2      | Reached skill level 6 in Maces & Flails
  1454 | D:2      | Found a glowing golden altar of the Shining One.
  1824 | D:2      | Found a deep blue altar of Sif Muna.
  1834 | D:2      | Reached XP level 4. HP: 45/48 MP: 4/4
  2731 | D:3      | Noticed Sigmund
  2771 | D:3      | Killed Sigmund
  2771 | D:3      | Reached skill level 8 in Maces & Flails
  2771 | D:3      | Reached XP level 5. HP: 19/54 MP: 5/5
  2771 | D:3      | Reached XP level 6. HP: 21/62 MP: 6/6
  2985 | D:3      | Noticed krfreak's ghost (amateur FoFi)
  3002 | D:3      | Killed krfreak's ghost
  3002 | D:3      | Reached skill level 10 in Maces & Flails
  3002 | D:3      | Reached XP level 7. HP: 49/70 MP: 7/7
  3293 | D:3      | Found a white marble altar of Elyvilon.
  4359 | D:3      | Found a radiant altar of Vehumet.
  4403 | D:4      | Found Xuntife's Assorted Antiques.
  4954 | D:4      | Bought a scroll labeled ZYKLID BYOM for 28 gold pieces
  4954 | D:4      | Bought a large bronze amulet for 140 gold pieces
  5492 | D:5      | Entered Level 5 of the Dungeon
  5497 | D:5      | Reached skill level 11 in Maces & Flails
  5824 | D:5      | Reached XP level 8. HP: 78/78 MP: 8/8
  6104 | D:5      | Noticed Crazy Yiuf
  6118 | D:5      | Killed Crazy Yiuf
  6118 | D:5      | Reached skill level 12 in Maces & Flails
  6392 | D:6      | Reached *** piety under Trog
  6774 | D:6      | Reached skill level 13 in Maces & Flails
  6831 | D:6      | Found a staircase to the Ecumenical Temple.
  6843 | Temple   | Entered the Ecumenical Temple
  7658 | D:7      | Reached skill level 14 in Maces & Flails
  7693 | D:7      | Reached XP level 9. HP: 68/84 MP: 9/9
  7824 | D:7      | Noticed Pikel
  7835 | D:7      | Killed Pikel
  7835 | D:7      | Reached skill level 15 in Maces & Flails
  7906 | D:7      | Found a burning altar of Makhleb.
  7906 | D:7      | Noticed a cacodemon
  8035 | D:6      | Found a glowing silver altar of Zin.
  8474 | D:8      | Noticed Oper80's ghost (novice HEHu)
  8493 | D:8      | HP: 3/84 [shadow imp (4)]
  8493 | D:8      | HP: 1/84 [shadow imp (2)]
  8818 | D:8      | Killed Oper80's ghost
  8818 | D:8      | Reached skill level 16 in Maces & Flails
  8854 | D:8      | Noticed Psyche
  8866 | D:8      | Killed Psyche
  8866 | D:8      | Reached XP level 10. HP: 92/92 MP: 10/10
  8871 | D:8      | Reached skill level 17 in Maces & Flails
  8976 | D:8      | Found a stormy altar of Qazlal.
  8995 | D:8      | Found a sparkling altar of Nemelex Xobeh.
  9005 | D:8      | Noticed Joseph
  9015 | D:8      | HP: 3/92 [centaur/arrow of dispersal (13)]
  9016 | D:8      | Slain by a warg

Vault maps used:
D:1:      sevenhm_arrival_forest_fort_small_4, minmay_misc_feat_x
D:2:      overflow_temple_1_default, lemuel_crystal_altar
D:3:      lemuel_coloured_pillars_altar, minivault_27, elyvilon_altar_1,
          uniq_sigmund
D:4:      serial_shops, nicolae_shop_window_shopping, minmay_misc_feat_pillars
D:5:      first_bread, uniq_crazy_yiuf_cottage
D:6:      nicolae_overflow_hidden_temple, temple_pool_b
D:7:      makhleb_altar_promises_db, uniq_pikel
D:8:      lemuel_castle_with_subvaults, grunt_temple_overflow_open,
          blue_anna_alchemist, uniq_joseph, uniq_grum, uniq_psyche
Temple:   zaba_magenta_temple_12

Action                   |  1- 3 |  4- 6 |  7- 9 | 10-12 || total
-------------------------+-------+-------+-------+-------++-------
Melee: Mace              |   147 |    57 |    61 |       ||   265
       Flail             |       |       |   170 |       ||   170
       Giant club        |       |       |    92 |    28 ||   120
       Unarmed           |       |       |     8 |       ||     8
Invok: Berserk           |     1 |     2 |     8 |     1 ||    12
       Trog's Hand       |       |     3 |     4 |       ||     7
       Burn Spellbooks   |       |       |     1 |       ||     1
  Use: Scroll            |     5 |       |    11 |     1 ||    17
       Potion            |       |     1 |     4 |     2 ||     7
  Eat: Chunk             |     4 |     4 |    12 |     1 ||    21
       Bread ration      |       |     1 |     2 |       ||     3
       Royal jelly       |       |       |     1 |       ||     1
       Beef jerky        |       |       |     1 |       ||     1
